Map: Frozen Temple

Players

Radeus - Winner!

  • Race: Protoss Protoss
  • League: Gold

Gracz

  • Race: Zerg Zerg
  • League: Bronze

VOD

Have the link to the VOD?

Description

Time

  • Played on: Sept. 10, 2016, 11:15 a.m.
  • Length: 16:21
Show
View Real Time Build Order
Export as new Build Order

Radeus Protoss - Winner!

Build Orders: 1 Gate Expand 

Get SALT Encoding   

  12  0:01  Probe (Chrono Boost)  
  13  0:16  Pylon  
  13  0:19  Probe (Chrono Boost)  
  14  0:29  Probe (Chrono Boost)  
  15  0:37  Gateway  
  15  0:42  Assimilator  
  15  0:45  Probe (Chrono Boost)  
  17  0:57  Probe (Chrono Boost)  
  17  1:07  Probe (Chrono Boost)  
  18  1:20  Nexus  
  18  1:23  Probe (Chrono Boost)  
  19  1:37  Cybernetics Core  
  19  1:44  Probe (Chrono Boost)  
  20  1:54  Probe (Chrono Boost)  
  20  1:59  Assimilator  
  21  2:05  Probe (Chrono Boost)  
  22  2:13  Pylon  
  23  2:15  Probe (Chrono Boost)  
  23  2:16  Warp Gate  
  23  2:27  Twilight Council  
  23  2:51  Probe (Chrono Boost)  
  23  2:52  Probe (Chrono Boost)  
  24  2:58  Pylon  
  24  3:01  Probe (Chrono Boost)  
  24  3:03  Probe (Chrono Boost)  
  26  3:08  Robotics Facility  
  26  3:14  Gateway  
  26  3:16  Probe (Chrono Boost)  
  26  3:19  Mothership Core (Chrono Boost)  
  29  3:20  Resonating Glaives  
  29  3:22  Adept  
  31  3:30  Probe (Chrono Boost)  
  32  3:37  Probe (Chrono Boost)  
  34  3:42  Probe (Chrono Boost)  
  34  3:48  Probe (Chrono Boost)  
  35  3:58  Gateway  
  35  4:05  Pylon  
  37  4:14  Warp Prism  
  37  4:22  Probe (Chrono Boost)  
  37  4:23  Probe (Chrono Boost)  
  39  4:32  Probe (Chrono Boost)  
  39  4:35  Probe (Chrono Boost)  
  41  4:40  Gateway  
  41  4:43  Gateway  
  41  4:45  Gateway  
  41  4:50  Gateway  
  41  4:54  Charge  
  41  5:01  Adept x2  
  45  5:15  Forge  
  45  5:19  Immortal  
  49  5:26  Probe (Chrono Boost)  
  49  5:28  Assimilator  
  50  5:32  Probe (Chrono Boost)  
  51  5:37  Probe (Chrono Boost)  
  53  5:44  Probe (Chrono Boost)  
  53  5:58  Immortal  
  55  6:12  Adept x3  
  55  6:18  Protoss Ground Weapons Level 1  
  62  6:19  Probe (Chrono Boost)  
  62  6:20  Pylon  
  62  6:22  Pylon  
  58  6:34  Adept x2  
  58  6:38  Immortal  
  66  6:51  Assimilator  
  60  6:56  Adept x2  
  60  6:57  Adept  
  54  7:10  Photon Cannon  
  54  7:12  Photon Cannon  
  54  7:16  Pylon x2  
  54  7:18  Photon Cannon  
  54  7:19  Immortal  
  58  7:42  Stargate  
  58  7:52  Stargate  
  58  7:53  Immortal  
  62  8:00  Stalker  
  62  8:04  Pylon  
  64  8:11  Probe (Chrono Boost)  
  66  8:13  Probe (Chrono Boost)  
  66  8:22  Probe (Chrono Boost)  
  66  8:25  Probe (Chrono Boost)  
  68  8:32  Probe (Chrono Boost)  
  69  8:37  Probe (Chrono Boost)  
  69  8:38  Nexus  
  69  8:41  Pylon  
  70  8:43  Probe (Chrono Boost)  
  71  8:55  Zealot x2  
  71  8:56  Protoss Ground Weapons Level 2, Zealot x4  
  83  9:06  Forge  
  83  9:16  Warp Prism  
  85  9:37  Templar Archives  
  85  9:41  Photon Cannon  
  85  9:43  Photon Cannon  
  85  9:47  Probe (Chrono Boost), Immortal  
  85  9:48  Probe (Chrono Boost)  
  85  9:50  Probe (Chrono Boost)  
  93  10:00  Probe x2 (Chrono Boost)  
  93  10:01  Zealot x2  
  93  10:02  Zealot x4  
  93  10:06  Pylon  
  106  10:09  Phoenix  
  106  10:10  Phoenix  
  110  10:32  High Templar  
  110  10:33  High Templar x4  
  110  10:34  Phoenix  
  110  10:35  Phoenix  
  124  10:37  Protoss Shields Level 1  
  124  10:59  Phoenix  
  124  11:00  Immortal, Phoenix  
  132  11:20  Pylon  
  132  11:21  Pylon  
  132  11:26  Pylon  
  132  11:29  Assimilator  
  132  11:34  Phoenix  
  132  11:35  Assimilator  
  132  11:43  Phoenix  
  134  11:53  Probe (Chrono Boost)  
  137  11:55  Probe x2 (Chrono Boost)  
  137  11:59  Phoenix  
  137  12:00  Zealot x6  
  151  12:03  Probe (Chrono Boost)  
  151  12:07  Probe (Chrono Boost)  
  151  12:08  Phoenix  
  155  12:13  Pylon  
  155  12:15  Pylon  
  155  12:21  Nexus  
  155  12:24  Pylon  
  155  12:27  Pylon  
  155  12:28  Archon  
  155  12:29  Archon  
  155  12:34  High Templar  
  157  12:59  Archon  
  155  13:21  Robotics Facility  
  155  13:24  Immortal  
  159  13:27  Zealot x4  
  159  13:28  Zealot x2  
  155  14:03  Immortal  
  155  14:07  Zealot x6  
  169  14:13  Probe (Chrono Boost)  
  169  14:15  Probe x2 (Chrono Boost)  
  168  14:20  Assimilator  
  168  14:24  Assimilator  
  168  14:26  Immortal  
  168  14:27  Phoenix  
  168  14:28  Phoenix  
  176  14:42  Immortal  
  180  14:52  Phoenix  
  180  14:53  Phoenix  
  184  15:05  Immortal  
  188  15:29  Zealot x2  
  188  15:30  Zealot x4  
  188  15:32  Nexus  
  188  15:33  Pylon  
  198  15:36  Pylon  
  198  16:05  Zealot  
Show
View Real Time Build Order
Export as new Build Order

Gracz Zerg 

Build Orders: Pool First 

Get SALT Encoding   

  12  0:07  Drone  
  12  0:08  Drone  
  14  0:23  Overlord  
  14  0:42  Drone x3  
  17  0:49  Spawning Pool  
  16  0:53  Extractor, Drone  
  16  1:38  Roach Warren  
  15  1:45  Drone x2  
  17  1:49  Queen  
  17  1:50  Hatchery  
  18  2:16  Drone x2  
  20  2:32  Queen  
  22  2:53  Overlord x2  
  22  3:04  Drone x2  
  22  3:05  Drone x3  
  27  3:28  Lair  
  27  3:55  Drone x6  
  32  3:56  Drone x3  
  36  4:11  Queen  
  36  4:14  Drone  
  39  4:21  Extractor  
  39  4:23  Extractor  
  39  4:24  Extractor, Drone x3  
  39  4:40  Spire  
  38  5:27  Hatchery  
  37  5:43  Evolution Chamber  
  37  5:47  Evolution Chamber  
  30  6:15  Mutalisk x2  
  30  6:16  Mutalisk x5  
  42  6:26  Zerg Melee Weapons Level 1, Zerg Ground Armor Level 1  
  27  7:10  Drone x6  
  27  7:11  Queen, Drone x3  
  27  7:12  Queen  
  27  7:13  Queen  
  42  7:19  Drone  
  42  7:20  Drone x2  
  45  7:47  Queen  
  47  8:04  Overlord  
  47  8:05  Overlord x2, Corruptor  
  47  8:07  Overlord  
  47  8:08  Overlord  
  49  8:18  Drone  
  50  8:58  Overlord x3  
  50  9:21  Roach x2  
  50  9:22  Roach x13  
  80  9:24  Zerg Ground Armor Level 2, Zerg Melee Weapons Level 2  
  80  9:43  Overlord  
  80  9:44  Overlord x2  
  80  10:22  Hydralisk Den  
  79  10:31  Drone x3  
  79  10:32  Drone x6  
  88  10:38  Drone x3  
  88  10:40  Drone x3  
  94  11:10  Drone  
  94  11:11  Drone x2  
  97  11:17  Hydralisk  
  97  11:18  Hydralisk x3, Corruptor x3  
  111  11:42  Overlord x4  
  111  11:52  Lurker Den  
  111  12:04  Infestation Pit  
  110  12:11  Nydus Network  
  109  12:40  Drone x4  
  109  12:43  Hatchery  
  112  12:47  Hive  
  112  12:48  Overlord  
  112  12:49  Overlord x4  
  112  13:24  Hydralisk x3  
  112  13:25  Corruptor x4  
  126  13:27  Roach x3  
  96  13:58  Mutalisk  
  96  13:59  Mutalisk x7  
  67  14:19  Mutalisk x2  
  55  14:33  Mutalisk x3  
  16  15:11  Nydus Canal  
  14  15:43  Spawning Pool  
Tags
 
Add a new tag
Caveats
  • Supply blocks, unpowered buildings, or Contaminate may cause inaccurate times.
  • Supply counts are checked every 10 seconds.